 Dungeon Crawl Stone Soup version 0.31-a0-66-ge618eeaa78 (webtiles) character file.

Game seed: 18037334589429945022

6951 Flugkiller the Nimble (level 11, 0/75 HPs)
             Began as an Octopode Hunter on May 22, 2023.
             Was a Priest of the Shining One.
             Killed from afar by a gargoyle (22 damage)
             ... with a stone arrow
             ... on level 9 of the Dungeon.
             The game lasted 00:14:53 (9476 turns).

Flugkiller the Nimble (Octopode Hunter)             Turns: 9476, Time: 00:14:54

Health: 0/75       AC:  6    Str: 11    XL:     11   Next: 7%
Magic:  0/13       EV: 21    Int: 11    God:    the Shining One [***...]
Gold:   547        SH:  7    Dex: 20    Spells: 10/10 levels left

rFire   . . .        s - +0 arbalest (flame)
rCold   . . .        (shield currently unavailable)
rNeg    + . .        j - +1 hat
rPois   .            B - amulet of guardian spirit
rElec   .            p - +4 ring of protection
rCorr   .            (no ring)
SInv    .            (no ring)
Will    .....        (no ring)
Stlth   ++           (no ring)
HPRegen 0.32/turn    (no ring)
MPRegen 0.13/turn    (no ring)
                     (no ring)

%: guardian spirit
@: divinely shielded, glowing
A: almost no armour, amphibious, 8 rings, camouflage 1, gelatinous body 1,
(nimble swimmer 1), tentacles
a: Renounce Religion, Divine Shield, Cleansing Flame


You were on level 9 of the Dungeon.
You worshipped the Shining One.
The Shining One was most pleased with you.
You visited 2 branches of the dungeon, and saw 12 of its levels.

You collected 547 gold pieces.

Inventory:

Hand Weapons
 s - a +0 arbalest of flaming (weapon)
   (You took it off a yaktaur on level 10 of the Dungeon)
Missiles
 x - 5 curare-tipped darts
Armour
 j - a +1 hat (worn)
   (You found it on level 2 of the Dungeon)
Jewellery
 p - a +4 ring of protection (left tentacle)
   (You found it on level 5 of the Dungeon)
 B - an amulet of guardian spirit (around mantle)
   (You found it on level 5 of the Dungeon)
 C - a ring of flight
   (You found it on level 7 of the Dungeon)
Wands
 E - a wand of flame (6)
   (You found it on level 11 of the Dungeon)
Scrolls
 b - a scroll of immolation
 i - a scroll of vulnerability
 k - a scroll of fog
 m - a scroll of poison
 o - a scroll of silence
 t - 3 scrolls of teleportation
 z - a scroll of blinking
 D - a scroll of fear
Potions
 c - a potion of attraction
 d - 4 potions of might
 e - a potion of ambrosia
 f - a potion of lignification
 g - 3 potions of cancellation
 h - a potion of haste
 q - 2 potions of curing
 u - a potion of berserk rage {unknown}
 A - a potion of mutation {unknown}
Miscellaneous
 l - a phial of floods
   (You found it on level 10 of the Dungeon)


   Skills:
 + Level 7.5 Fighting
 + Level 9.0 Ranged Weapons
 - Level 11.0 Dodging
 - Level 1.3 Stealth
 - Level 3.0 Invocations
 + Level 6.7 Evocations


You had 10 spell levels left.
You didn't know any spells.
Your spell library contained the following spells:

 Spells                   Type           Power      Damage    Failure   Level
 Ensorcelled Hibernation  Hex/Ice        0%         N/A       47%         2
 Passwall                 Tmut/Erth      0%         N/A       47%         2
 Static Discharge         Conj/Air       0%         2-2/arc   47%         2
 Gell's Gravitas          Tloc           0%         N/A       71%         3
 Ozocubu's Armour         Ice            0%         N/A       71%         3
 Swiftness                Air            0%         N/A       71%         3
 Teleport Other           Tloc           0%         N/A       71%         3
 Airstrike                Air            0%         2d(0-16)  98%         4
 Passage of Golubria      Tloc           0%         N/A       98%         4
 Summon Lightning Spire   Summ/Air       0%         N/A       98%         4
 Silence                  Hex/Air        0%         N/A       100%        5
 Dispersal                Tloc           0%         N/A       100%        6
 Ozocubu's Refrigeration  Ice            0%         4d7       100%        7
 Lehudib's Crystal Spear  Conj/Erth      0%         10d2      100%        8


Dungeon Overview and Level Annotations

Branches:
Dungeon (11/15) Zot: 24697  Temple (1/1) D:7 Zot: 5888    Lair (0/5) D:10
    Orc: D:9-12

Altars:
Ashenzari
Cheibriados
Dithmenos
Elyvilon
Fedhas
Gozag
Hepliaklqana
Kikubaaqudgha
Makhleb
Okawaru
Qazlal
Ru
Sif Muna
Uskayaw
Vehumet
Wu Jian
Xom
Zin
The Shining One

Annotations:
D:7 3 runed translucent doors, Winter's ghost, novice MiFi; alfthe's ghost, novice HOFi
D:10 exclusion: elephant


Innate Abilities, Weirdness & Mutations

You cannot wear most types of armour.
You are amphibious.
You can wear up to eight rings at the same time.
Your skin changes colour to match your surroundings (Stealth+).
Your rubbery body absorbs attacks. (AC +1, EV +1)
((You are camouflaged when in or above water. (Stealth+)))
You have tentacles for arms and can constrict up to eight enemies at once.


Message History

Unknown command.
Fire: a) +0 shortbow
Press: ? - help, Q - select action, (/) - cycle Shift-Dir - straight line, f/p - yaktaur
Aim: a yaktaur, wearing a +0 robe (black smoke, almost dead, haloed, 97% to hit)
You shoot an arrow.
The arrow hits the yaktaur but does no damage.
The yaktaur is almost dead.
The yaktaur completely misses you.
Fire: a) +0 shortbow
Press: ? - help, Q - select action, (/) - cycle Shift-Dir - straight line, f/p - yaktaur
Aim: a yaktaur, wearing a +0 robe (black smoke, almost dead, haloed, 97% to hit)
You shoot an arrow. The arrow hits the yaktaur!
You kill the yaktaur!
Things that are here:
a +0 arbalest; a +0 robe; a yaktaur corpse
s - a +0 arbalest
s - a +0 arbalest (weapon)
You drop a +0 shortbow.
As you read the scroll of identify, it crumbles to dust.
g - 3 potions of cancellation You start resting.
Magic restored.
You start resting.
HP restored.
Okay, then.
There is a stone staircase leading up here.
You climb upwards.
There is a stone staircase leading down here.
As you read the scroll labelled MATTIH ROQU, it crumbles to dust.
You assume a fearsome visage.
Nothing appears to happen.
It was a scroll of fear.
As you read the scroll labelled WEUF NYADOJUA, it crumbles to dust.
You feel aware of your surroundings.
You sensed 1 altar, and 1 shop/portal.
It was a scroll of magic mapping.
Unknown command.
As you read the scroll of brand weapon, it crumbles to dust.
Your +0 arbalest is engulfed in flames!
s - a +0 arbalest of flaming (weapon)
Okay, then.
You don't know any spells.
Unknown command.
The orc warrior shouts!
Found a scroll of identify.
You shoot a bolt. The bolt hits the gargoyle.
The bolt burns the gargoyle.
The gargoyle is lightly damaged.
You shoot a bolt.
The bolt hits the gargoyle but does no damage.
The gargoyle is lightly damaged.
The gargoyle hurls a stone arrow at you.
The stone arrow misses you.
The gargoyle hurls a stone arrow at you.
The stone arrow misses you.
The gargoyle hurls a stone arrow at you.
The stone arrow misses you.
You shoot a bolt. The bolt barely misses the gargoyle.
The bolt hits the orc warrior!!
The bolt burns the orc warrior.
The orc warrior is almost dead.
You shoot a bolt.
The bolt hits the gargoyle but does no damage.
The gargoyle is lightly damaged.
The gargoyle misses you.
You shoot a bolt. The bolt barely misses the gargoyle.
The bolt hits the orc warrior.
The bolt burns the orc warrior.
You kill the orc warrior!
The gargoyle hits you with a +0 mace!
Your Ranged Weapons skill increases to level 9!
You shoot a bolt. The bolt hits the gargoyle.
The bolt burns the gargoyle.
The gargoyle is lightly damaged.
The gargoyle misses you.
You shoot a bolt.
The bolt hits the gargoyle but does no damage.
The gargoyle is lightly damaged.
The gargoyle hits you with a +0 mace!
The gargoyle hurls a stone arrow at you.
The stone arrow hits you!!
You are too injured to fight recklessly!
Fire: s) +0 arbalest (flame)
Press: ? - help, Q - select action, (/) - cycle Shift-Dir - straight line, f/p - gargoyle
Aim: a gargoyle, wielding a +0 mace (lightly damaged, haloed, 94% to hit)
You shoot a bolt. The bolt hits the gargoyle!
The bolt burns the gargoyle.
The gargoyle is heavily damaged.
The gargoyle hits you with a +0 mace!
* * * LOW HITPOINT WARNING * * *
Fire: s) +0 arbalest (flame)
Press: ? - help, Q - select action, (/) - cycle Shift-Dir - straight line, f/p - gargoyle
Aim: a gargoyle, wielding a +0 mace (heavily damaged, haloed, 94% to hit)
You shoot a bolt. The bolt hits the gargoyle.
The bolt burns the gargoyle.
The gargoyle is severely damaged.
The gargoyle barely misses you. The gargoyle misses you.
Okay, then.
A divine shield forms around you! The gargoyle misses you.
Fire: s) +0 arbalest (flame)
Press: ? - help, Q - select action, (/) - cycle Shift-Dir - straight line, f/p - gargoyle
Aim: a gargoyle, wielding a +0 mace (severely damaged, haloed, 94% to hit)
You shoot a bolt.
The bolt hits the gargoyle but does no damage.
The gargoyle is severely damaged.
The gargoyle hurls a stone arrow at you.
The stone arrow hits you!!
You die...

....# ....# )...# [)..# ....#
....# ##### ....# #...# ..>.#
#.#.# ....# #.#@# ...(# ####
##.#9# ....###..####..#)#
....##........#..#
.......⌠.....##.##
....#....P~P.##.#
....#.....~o....#
.......#......####***************
......##+..........,,,,,,,,,,,^,*


You could see a gargoyle.

Vanquished Creatures
  Erica (D:9)
  Pikel (D:5)
  A deep elf pyromancer (D:10)
  A yaktaur (D:10)
  A vampire (D:10)
  3 yaks (D:10)
  A wraith (D:11)
  2 wyverns
  3 vampire mosquitoes (D:11)
  A steam dragon (D:9)
  An acid dragon (D:10)
  A water moccasin (D:9)
  3 orc warriors
  4 black bears
  A sky beast (D:7)
  3 ogres
  An ice beast (D:6)
  2 centaurs (D:9)
  A tengu (shapeshifter) (D:10)
  2 lemures (D:5)
  2 kobold brigands
  3 bullfrogs (D:7)
  2 gnoll sergeants
  A scorpion (D:4)
  7 wights
  5 killer bees
  3 howler monkeys
  2 jellies (D:5)
  3 hounds
  2 orc priests (D:10)
  A sleepcap (D:7)
  An iguana (D:5)
  3 orc wizards
  6 gnolls
  7 adders
  A shadow imp (D:7)
  2 white imps (D:6)
  An ufetubus (D:6)
  3 dart slugs
  15 orcs
  8 endoplasms
  5 goblins
  5 hobgoblins
  3 jackals (D:4)
  8 quokkas
  7 ball pythons
  5 bats
  A frilled lizard (D:1)
  17 kobolds
  9 rats
172 creatures vanquished.

Vanquished Creatures (collateral kills)
  3 yaks (D:10)
3 creatures vanquished.

Grand Total: 175 creatures vanquished

Notes
Turn   | Place    | Note
-------+----------+-------------------------------------------
     0 | D:1      | Flugkiller the Octopode Hunter began the quest for the Orb.
     0 | D:1      | Reached XP level 1. HP: 14/14 MP: 1/1
    90 | D:1      | Reached XP level 2. HP: 4/20 MP: 2/2
   480 | D:1      | Reached XP level 3. HP: 25/25 MP: 3/3
   721 | D:1      | Found a faded altar of an unknown god.
   728 | D:1      | Prayed at the altar of an unknown god.
   728 | D:1      | Became a worshipper of the Shining One
   728 | D:1      | Reached * piety under the Shining One
   790 | D:2      | Reached skill level 3 in Dodging
  1215 | D:2      | Reached XP level 4. HP: 22/31 MP: 4/4
  2282 | D:4      | Reached XP level 5. HP: 25/36 MP: 5/5
  2300 | D:4      | Reached skill level 5 in Ranged Weapons
  2300 | D:4      | Reached skill level 4 in Dodging
  2391 | D:4      | Noticed an ogre
  2409 | D:4      | Killed an ogre
  2410 | D:4      | Reached XP level 6. HP: 39/42 MP: 6/6
  2750 | D:4      | Found a broken altar of Ashenzari.
  2751 | D:4      | Found a hazy altar of Hepliaklqana.
  2751 | D:4      | Reached ** piety under the Shining One
  2814 | D:4      | Found a stormy altar of Qazlal.
  2814 | D:4      | Found a shimmering blue altar of Sif Muna.
  2815 | D:4      | Found a glowing silver altar of Zin.
  2906 | D:4      | Found a sacrificial altar of Ru.
  3171 | D:5      | Entered Level 5 of the Dungeon
  3190 | D:5      | Reached skill level 5 in Dodging
  3246 | D:5      | Noticed a yak
  3246 | D:5      | Noticed a yak
  3246 | D:5      | Noticed a yak
  3579 | D:5      | Reached XP level 7. HP: 46/46 MP: 7/7
  3825 | D:5      | Noticed Pikel
  3845 | D:5      | Killed Pikel
  3846 | D:5      | Reached skill level 6 in Dodging
  3846 | D:5      | Reached XP level 8. HP: 16/54 MP: 6/8
  4204 | D:5      | Noticed a yak
  5569 | D:6      | Reached skill level 7 in Dodging
  5569 | D:6      | Reached XP level 9. HP: 33/58 MP: 4/9
  5746 | D:6      | Reached skill level 5 in Evocations
  6015 | D:7      | Found a staircase to the Ecumenical Temple.
  6093 | Temple   | Entered the Ecumenical Temple
  6374 | D:7      | Reached skill level 8 in Dodging
  6498 | D:7      | Reached skill level 5 in Fighting
  6656 | D:7      | Found a runed translucent gate.
  6656 | D:7      | Found a runed translucent gate.
  6657 | D:7      | Found a runed translucent gate.
  6658 | D:7      | Noticed Winter's ghost (novice MiFi)
  6659 | D:7      | Noticed alfthe's ghost (novice HOFi)
  6678 | D:7      | Reached *** piety under the Shining One
  6776 | D:8      | You fall into a shaft and drop 3 floors!
  7039 | D:11     | Reached skill level 9 in Dodging
  7070 | D:10     | Entered Level 10 of the Dungeon
  7278 | D:10     | Found a staircase to the Lair.
  7278 | D:10     | Noticed an elephant
  7339 | D:10     | Reached XP level 10. HP: 41/68 MP: 4/10
  7346 | D:10     | Reached skill level 10 in Dodging
  7521 | D:9      | Noticed a gargoyle
  7993 | D:10     | Reached skill level 11 in Dodging
  8220 | D:10     | Noticed a deep elf pyromancer
  8234 | D:10     | Killed a deep elf pyromancer
  8235 | D:10     | Reached skill level 1 in Invocations
  9084 | D:9      | Noticed Erica
  9095 | D:9      | Killed Erica
  9111 | D:9      | Reached XP level 11. HP: 27/75 MP: 6/13
  9204 | D:10     | Noticed a white ugly thing
  9476 | D:9      | Killed from afar by a gargoyle

Illustrated notes

Levels and vault maps discovered:
D:1:      lemuel_arrival_funnel, layout_basic,
          dilly_ecumenical_altar_fadedgnrine, minmay_misc_feat_diagonals,
          chequers_serial_rivers_small_b, minmay_distorted
D:2:      layout_rooms, kennysheep_donut, nicolae_kite_square_tiling_tiny,
          chequers_serial_rivers_room_a
D:3:      layout_basic
D:4:      minmay_chambers_of_twos, layout_basic, grunt_temple_overflow_open,
          pf_just_have_faith
D:5:      layout_loops_corners, patterned_corridor, uniq_pikel
D:6:      layout_loops_cross, hangedman_abyss_or_decor_stagger
D:7:      layout_loops_ring, minmay_temple_entry_junction,
          gammafunk_ghost_cemetery, grunt_ministairs_5
D:8:      layout_cave_pools, nicolae_yredelemnul_ghost_church,
          amcnicky_altar_gilded, nemelex_diamond_rough_becter
D:9:      layout_cross, tso_oasis_becter, serial_shops,
          nicolae_shop_window_shopping, uniq_erica
D:10:     layout_long_grid, david_lair_generic, kb_rosetta
D:11:     layout_cave_pods
Temple:   nicolae_temple_godzebo

Skill      XL: |  1  2  3  4  5  6  7  8  9 10 11 |
---------------+----------------------------------+-----
Fighting       | 3 4 6 7 |  7.5
Dodging        | 3 4 5 6 7 9 11 | 11.0
Ranged Weapons | 5 6 8 9 |  9.0
Evocations     | 3 4 5 6 |  6.7
Invocations    | 3 |  3.0
Stealth        | |  1.3

Action                     |  1- 3 |  4- 6 |  7- 9 | 10-12 || total
---------------------------+-------+-------+-------+-------++-------
  Melee: Shortbow          |       |     1 |       |       ||     1
   Fire: Shortbow          |   114 |   137 |   360 |   245 ||   856
         Arbalest          |       |       |       |    10 ||    10
 Invoke: Divine Shield     |       |       |     2 |     3 ||     5
  Evoke: Wand              |       |       |    14 |     8 ||    22
         Phial of floods   |       |       |       |     1 ||     1
    Use: Scroll            |       |     3 |     8 |     7 ||    18
         Potion            |       |     3 |     1 |     4 ||     8
 Armour: Skin              |     5 |     6 |    54 |    21 ||    86
  Dodge: Dodged            |    35 |    37 |   215 |   259 ||   546
  Block: Other             |       |       |     5 |     8 ||    13

Table legend: (Time is in decaauts)
 A = Elapsed time spent in this place.
 B = Non-inter-level travel time spent in this place.
 C = Inter-level travel time spent in this place.
 D = Time resting spent in this place.
 E = Time spent auto-exploring this place.
 F = Levels seen in this place.
 G = Mean time per level.
                   A        B        C        D        E       F      G
               +--------+--------+--------+--------+--------+-----+--------+
         Total |   9562 |   9159 |    403 |   2050 |   4848 |  12 |  796.8 |
       Dungeon |   9451 |   9072 |    379 |   2050 |   4777 |  11 |  859.2 |
        Temple |    111 |     87 |     24 |      0 |     71 |   1 |  111.0 |
               +--------+--------+--------+--------+--------+-----+--------+

Top non-repeatable levels by time:
    D:10: 2018 daAuts
     D:5: 1405 daAuts
     D:6: 1134 daAuts
     D:4: 1119 daAuts
     D:7: 883 daAuts
     D:1: 797 daAuts
     D:3: 696 daAuts
     D:2: 684 daAuts
     D:9: 386 daAuts
    D:11: 326 daAuts
  Temple: 111 daAuts
